 Dungeon Crawl Stone Soup version 0.21.0-3-g78d12a8 (webtiles) character file.

79 Monsterracer the Ducker (level 4, -6/35 HPs)
             Began as a Merfolk Air Elementalist on Jan 9, 2018.
             Killed by nerve-wracking pain
             ... invoked by an orc priest
              (13 damage)
             ... on level 3 of the Dungeon.
             The game lasted 00:03:44 (3327 turns).

Monsterracer the Ducker (Merfolk Air Elementalist)  Turns: 3327, Time: 00:03:46

Health: -6/35      AC:  3    Str:  9    XL:     4   Next: 37%
Magic:  0/7        EV: 14    Int: 14    God:
Gold:   78         SH:  0    Dex: 14    Spells: 6/7 levels left

rFire    . . .     SeeInvis .   k - +0 short sword
rCold    . . .     Gourm    .   (no shield)
rNeg     . . .     Faith    .   a - +0 robe
rPois    .         Spirit   .   j - +0 helmet
rElec    .         Reflect  .   (no cloak)
rCorr    .         Harm     .   (no gloves)
MR       .....                  (no boots)
Stlth    ++........             (no amulet)
HPRegen  0.11/turn              p - ring of loudness (curse)
MPRegen  0.10/turn              m - ring of stealth

@: very slightly contaminated
A: change form in water, swift swim, stealthy swim
a: no special abilities


You were on level 3 of the Dungeon.
You were hungry.

You visited 1 branch of the dungeon, and saw 3 of its levels.

You collected 78 gold pieces.

Inventory:

Hand Weapons
 k - a +0 short sword (weapon)
Armour
 a - a +0 robe (worn)
 j - a +0 helmet (worn)
Jewellery
 m - a ring of stealth (right hand)
 p - a cursed ring of loudness (left hand)
Scrolls
 f - 2 scrolls of enchant armour {unknown}
 h - 2 scrolls of remove curse {unknown}
 i - a scroll of identify {unknown}
 l - a scroll of blinking {unknown}
 n - a scroll of enchant weapon {unknown}
Potions
 g - a potion of curing {unknown}
Books
 b - a book of Air

   Spells                             Type                      Level
   a - Shock                          Conjuration/Air              1
   b - Swiftness                      Charms/Air                   2
   c - Static Discharge               Conjuration/Air              3
   d - Airstrike                      Air                          4
   e - Lightning Bolt                 Conjuration/Air              5
Comestibles
 c - 3 rations


   Skills:
 * Level 3.4 Fighting
 + Level 4.0 Dodging
 - Level 2.1 Stealth
 - Level 2.0 Spellcasting
 - Level 0.7 Conjurations
 - Level 2.4 Air Magic


You had 6 spell levels left.
You knew the following spells:

 Your Spells              Type           Power        Failure   Level  Hunger
a - Shock                 Conj/Air       #...         13%         1    ##.....


Dungeon Overview and Level Annotations

Branches:
Dungeon (3/15)

Altars:


Message History

The zap hits the orc.
You kill the orc!
You start resting.
Magic restored.
You regained 5 hp, and now have 27/35 hp.
MP restored: 7 You start resting.
Your magical contamination has completely faded away.
All of the chunks of flesh in your inventory have rotted away.
You start resting.
You are feeling hungry.
You regained 3 hp, and now have 31/35 hp.
You climb downwards.
The orc priest miscasts a cantrip.
There is a stone staircase leading up here.
Casting: Shock
Confirm with . or Enter, or press ? or * to list all spells.
Aiming: Shock
Press: ? - help, Shift-Dir - straight line, f - orc priest
Aim: an orc priest, wearing a chain mail The zap hits the orc priest.
The orc priest is lightly wounded.
You now have 6/7 mp.
Casting: Shock
Confirm with . or Enter, or press ? or * to list all spells.
Aiming: Shock
Press: ? - help, Shift-Dir - straight line, f/p - orc priest
Aim: an orc priest, wearing a chain mail (lightly wounded)
You miscast Shock.
You are very lightly contaminated with residual magic.
Nothing appears to happen.
You now have 5/7 mp.
Casting: Shock
Confirm with . or Enter, or press ? or * to list all spells.
Aiming: Shock
Press: ? - help, Shift-Dir - straight line, f/p - orc priest
Aim: an orc priest, wearing a chain mail (lightly wounded)
The zap hits the orc priest.
The orc priest appears unharmed.
The orc priest is lightly wounded.
You now have 4/7 mp.
The orc priest calls down the wrath of Beogh upon you.
Pain shoots through your body!
You take 7 damage, and have 24/35 hp.
The orc priest mumbles some strange prayers to Beogh against you.
Pain shoots through your body!
* * * LOW HITPOINT WARNING * * *
You take 8 damage, and have 16/35 hp.
MASSIVE DAMAGE!!
Casting: Shock
Confirm with . or Enter, or press ? or * to list all spells.
Aiming: Shock
Press: ? - help, Shift-Dir - straight line, f/p - orc priest
Aim: an orc priest, wearing a chain mail (lightly wounded)
The zap misses the orc priest.
You now have 3/7 mp.
Casting: Shock
Confirm with . or Enter, or press ? or * to list all spells.
Aiming: Shock
Press: ? - help, Shift-Dir - straight line, p - orc priest The zap hits the orc priest.
The orc priest is moderately wounded.
The zap hits the orc priest.
The orc priest is heavily wounded.
The orc priest hits you.
* * * LOW HITPOINT WARNING * * *
You take 3 damage, and have 13/35 hp.
You now have 2/7 mp.
Casting: Shock
Confirm with . or Enter, or press ? or * to list all spells.
Aiming: Shock
Press: ? - help, Shift-Dir - straight line The zap hits the orc priest.
The orc priest is heavily wounded.
The zap hits the orc priest.
The orc priest is severely wounded.
The orc priest hits you.
* * * LOW HITPOINT WARNING * * *
You take 1 damage, and have 12/35 hp.
You now have 1/7 mp.
Casting: Shock
Confirm with . or Enter, or press ? or * to list all spells.
Aiming: Shock
Press: ? - help, Shift-Dir - straight line You miscast Shock.
The air around you crackles with energy!
The orc priest completely misses you.
Casting: Shock
Confirm with . or Enter, or press ? or * to list all spells.
Aiming: Shock
Press: ? - help, Shift-Dir - straight line You miscast Shock.
The wind howls around you! The orc priest hits you.
* * * LOW HITPOINT WARNING * * *
You take 4 damage, and have 8/35 hp.
You now have 0/7 mp.
You barely miss the orc priest.
The orc priest is severely wounded.
The orc priest hits you.
* * * LOW HITPOINT WARNING * * *
You take 1 damage, and have 7/35 hp.
You barely miss the orc priest.
The orc priest is severely wounded.
The orc priest invokes the aid of Beogh against you.
Pain shoots through your body!
You die...

#.....# ##.##
#####.# ##...###
#.# #.......
#####.######...###
#>........##...#
#.###.......o.##
#.# #####o###.#
#.# #.# #.#
#@#######.# #.#
#.o.<.....# #.#
########### #.#
#.# #o# #.#
##.#### ##......
#.###....)##


You could see an orc priest.

Vanquished Creatures
  2 adders (D:2)
  An ooze (D:2)
  3 worms (D:2)
  A dart slug (D:2)
  4 orcs
  7 bats
  A giant cockroach (D:3)
  4 goblins
  6 hobgoblins
  2 jackals (D:2)
  4 frilled lizards
  7 rats
42 creatures vanquished.

Notes
Turn   | Place    | Note
-------+----------+-------------------------------------------
     0 | D:1      | Monsterracer the Merfolk Air Elementalist began the quest for the Orb.
     0 | D:1      | Reached XP level 1. HP: 13/13 MP: 3/3
   136 | D:1      | Reached skill level 1 in Fighting
   152 | D:1      | Reached skill level 3 in Dodging
   238 | D:1      | Reached XP level 2. HP: 21/21 MP: 3/5
   926 | D:2      | Reached XP level 3. HP: 16/27 MP: 1/6
  1662 | D:2      | HP: 12/28 [worm (6)]
  1665 | D:2      | HP: 2/28 [worm (10)]
  2558 | D:3      | Reached XP level 4. HP: 23/35 MP: 5/7
  3028 | D:3      | HP: 13/35 [orc priest/divine providence (7)]
  3037 | D:3      | HP: 11/35 [adder (3)]
  3044 | D:2      | HP: 7/35 [poisoned by an adder]
  3046 | D:2      | Reached skill level 4 in Dodging
  3048 | D:2      | HP: 3/35 [poisoned by an adder]
  3320 | D:3      | HP: 16/35 [orc priest/nerve-wracking pain (8)]
  3325 | D:3      | HP: 8/35 [orc priest (4)]
  3327 | D:3      | Killed from afar by an orc priest

Skill      XL: |  1  2  3  4 |
---------------+-------------+-----
Fighting       | 1 2 3 |  3.4
Dodging        | 3 4 |  4.0
Stealth        | |  2.1
Spellcasting   | |  2.0
Conjurations   | |  0.7
Air Magic      | |  2.4

Action                   |  1- 3 |  4- 6 || total
-------------------------+-------+-------++-------
Melee: Dagger            |    11 |       ||    11
       Short sword       |    65 |    14 ||    79
 Cast: Shock             |    57 |    31 ||    88
  Use: Potion            |       |     2 ||     2
 Stab: Sleeping          |     1 |       ||     1
  Eat: Chunk             |     6 |     3 ||     9
Armor: Robe              |    20 |     7 ||    27
Dodge: Dodged            |    91 |    29 ||   120

Vault maps used:
D:1:      saegor_arrival_simple_d
D:3:      overflow_temple_1_default, serial_glass, glass_columns_c,
          glass_columns_a, uniq_robin, uniq_crazy_yiuf_cottage
